 Dungeon Sprint DCSS version 0.31-a0-667-g39726597b9 (webtiles) character file.

Game seed: 1284682512200236304

302 sircluck the Grappler (level 6, -12/102 HPs)
             Began as a Troll Berserker on Sept 3, 2023.
             Was a Believer of Trog.
             Mangled by a centaur warrior (13 damage)
             ... in the Dungeon (Sprint I: "Red Sonja").
             The game lasted 00:00:58 (183 turns).

sircluck the Grappler (Troll Berserker)              Turns: 183, Time: 00:00:58

Health: -12/102    AC:  4    Str: 28    XL:     6   Next: 14%
Magic:  5/5        EV: 11    Int:  3    God:    Trog [**....]
Gold:   162        SH:  0    Dex:  9    Spells: 5/5 levels left

rFire   . .          .
                       - Unarmed
rCold   . . .        (no shield)
rNeg    . . .        a - +0 animal skin
rPois   .            (helmet restricted)
rElec   .            (no cloak)
rCorr   .            (gloves unavailable)
SInv    .            (boots unavailable)
Will    .....        (no amulet) Stlth
                     (no ring)
HPRegen 1.17/turn    (no ring)
MPRegen 0.09/turn

%: no teleportation
@: berserking (expiring), very quick
A: large, unfitting armour, claws 3, regeneration 1, shaggy fur 1, tough skin 1
a: Renounce Religion, Berserk, Trog's Hand


You were in the Dungeon.
You worshipped Trog.
Trog was pleased with you.
You visited 1 branch You collected 162 gold pieces.

Inventory:

Missiles
 i - 8 boomerangs (quivered)
Armour
 a - a +0 animal skin (worn)
Wands
 h - a wand of charming (6)
Scrolls
 g - a scroll of blinking
Potions
 b - a potion of curing
 c - a potion of heal wounds
 d - a potion of haste
 e - 2 potions of magic
 f - a potion of berserk rage


   Skills:
 + Level 6.8 Fighting
 + Level 6.7 Dodging
 + Level 8.0 Unarmed Combat


You had 5 spell levels left.
You didn't know any spells.
Your spell library was empty.

Dungeon Overview and Level Annotations

Branches:
Dungeon (1/1)

Altars:
Makhleb
Sif Muna
Vehumet
Wu Jian
Xom
Jiyva
Lugonu


Innate Abilities, Weirdness & Mutations

You are too large for most types of armour.
You have claws for hands.
Your natural rate of healing is unusually fast.
You are covered in fur. (AC +1)
You have tough skin. (AC +1)


Message History

The centaur warrior shoots an arrow.
The arrow hits you!
A red film seems to cover your vision as you go berserk!
You feel yourself moving faster!
You feel mighty!
The centaur warrior shoots an arrow.
The arrow barely misses you.
The centaur warrior shoots an arrow.
The arrow hits you!!
You feel a strong urge to attack something.
The centaur warrior unwields a +0 orcbow.
The centaur warrior barely misses you. The centaur warrior kicks you.
The centaur warrior shoots an arrow.
The arrow closely misses you.
There is an open door here.
You enter the shallow water.
The centaur warrior hits you!
* * * LOW HITPOINT WARNING * * *
The centaur warrior kicks you.
* * * LOW HITPOINT WARNING * * *
The centaur warrior unwields a +0 shortbow.
The centaur warrior hits you.
* * * LOW HITPOINT WARNING * * *
The centaur warrior barely misses you.
You claw the centaur warrior!
The centaur warrior is moderately wounded.
The centaur warrior hits you!
* * * LOW HITPOINT WARNING * * *
The centaur warrior kicks you but does no damage.
The centaur warrior hits you.
* * * LOW HITPOINT WARNING * * *
The centaur warrior closely misses you.
You claw the centaur warrior!
The centaur warrior is moderately wounded.
The centaur warrior hits you.
* * * LOW HITPOINT WARNING * * *
The centaur warrior kicks you.
* * * LOW HITPOINT WARNING * * *
The centaur warrior completely misses you.
The centaur warrior closely misses you.
You claw the centaur warrior!
The centaur warrior is heavily wounded.
The centaur warrior barely misses you. The centaur warrior kicks you.
* * * LOW HITPOINT WARNING * * *
The centaur warrior hits you!
You die...

###################
#<.#..)..#..'..#__#
#..').#..'..#.)'..+
#..#####'#####'#__#
## #..# #..#
#.####§$# #..# ####
##.#~§§§.# #..#
#_.'@c§§.+ #⌠⌠#
+...§#c~§§.# ####
#_.#+##+#### ##+


You could see 2 centaur warriors.

Vanquished Creatures
  A slime creature (D)
  An ogre (D)
  A jelly (D)
  Ijyb (D)
4 creatures vanquished.

Vanquished Creatures (others)
  Sigmund (D)
1 creature vanquished.

Grand Total: 5 creatures vanquished

Notes
Turn   | Place    | Note
-------+----------+-------------------------------------------
     0 | D        | sircluck the Troll Berserker began the quest for the Orb.
     0 | D        | Reached XP level 1. HP: 22/22 MP: 0/0
     1 | D        | Noticed Ijyb
    20 | D        | Killed Ijyb
    21 | D        | Reached skill level 4 in Unarmed Combat
    21 | D        | Reached XP level 2. HP: 32/32 MP: 1/1
    26 | D        | Noticed an ogre
    32 | D        | Killed an ogre
    33 | D        | Reached skill level 5 in Fighting
    33 | D        | Reached skill level 5 in Dodging
    33 | D        | Reached skill level 6 in Unarmed Combat
    33 | D        | Reached XP level 3. HP: 12/42 MP: 2/2
    33 | D        | Reached XP level 4. HP: 14/50 MP: 3/3
    79 | D        | Noticed Sigmund
    96 | D        | Found a burning altar of Makhleb.
    96 | D        | Found a viscous altar of Jiyva.
    96 | D        | Found a shimmering altar of Xom.
    96 | D        | Found a corrupted altar of Lugonu.
    96 | D        | Noticed a slime creature
   100 | D        | Your ally Sigmund died
   103 | D        | Killed a slime creature
   103 | D        | Reached ** piety under Trog
   104 | D        | Reached skill level 7 in Unarmed Combat
   104 | D        | Reached XP level 5. HP: 61/61 MP: 4/4
   104 | D        | Reached XP level 6. HP: 68/68 MP: 5/5
   138 | D        | Found an ornate altar of the Wu Jian Council.
   138 | D        | Found a shimmering blue altar of Sif Muna.
   140 | D        | Found a radiant altar of Vehumet.
   145 | D        | Reached skill level 8 in Unarmed Combat
   168 | D        | Noticed a centaur warrior
   168 | D        | Noticed a centaur warrior
   181 | D        | HP: 5/102 [centaur warrior (4)]
   183 | D        | HP: 1/102 [centaur warrior (2)]
   183 | D        | Mangled by a centaur warrior

Illustrated notes

Levels and vault maps discovered:
D:        dungeon_sprint_1 [red_sonja_temple_1, red_sonja_temple_small_1]

Skill      XL: |  1  2  3  4  5  6 |
---------------+-------------------+-----
Fighting       | 3 5 6 |  6.8
Dodging        | 3 5 6 |  6.7
Unarmed Combat | 4 6 7 8 |  8.0

Action                     |  1- 3 |  4- 6 || total
---------------------------+-------+-------++-------
  Melee: Unarmed           |    11 |     8 ||    19
         Punch             |     1 |       ||     1
  Throw: Boomerang         |       |     1 ||     1
 Invoke: Berserk           |       |     2 ||     2
  Evoke: Wand              |     1 |     1 ||     2
 Armour: Animal skin       |     8 |    16 ||    24
  Dodge: Dodged            |     4 |     8 ||    12

Table legend: (Time is in decaauts)
 A = Elapsed time spent in this place.
 B = Non-inter-level travel time spent in this place.
 C = Inter-level travel time spent in this place.
 D = Time resting spent in this place.
 E = Time spent auto-exploring this place.
 F = Levels seen in this place.
 G = Mean time per level.
                   A        B        C        D        E       F      G
               +--------+--------+--------+--------+--------+-----+--------+
         Total |    189 |    189 |      0 |     97 |      1 |   1 |  189.0 |
       Dungeon |    189 |    189 |      0 |     97 |      1 |   1 |  189.0 |
               +--------+--------+--------+--------+--------+-----+--------+

Top non-repeatable levels by time:
       D: 189 daAuts
